[Event "Titled Tuesday Blitz August 3 2021"]
[White "MikeKorovin"]
[Black "Aldokhin, Ivan"]
[BlackFideId "24115720"]
[WhiteElo "2716"]
[BlackElo "2306"]
[Result "1-0"]
[Round "02"]
[TimeControl "180+1"]
[Date "2021.08.03"]
[WhiteClock "0:00:19"]
[BlackClock "0:00:03"]

1. Nf3 Nf6 2. b3 g6 3. Bb2 Bg7 4. e4 d6 5. e5 dxe5 6. Nxe5 O-O 7. d4 c5 8. Be2 cxd4 9. Qxd4 Nfd7 10. Qe3 Nxe5 11. Bxe5 Bxe5 12. Qxe5 Nc6 13. Qe3 Bf5 14. c3 Qd6 15. Nd2 Rfd8 16. Nc4 Qf6 17. O-O b5 18. Nd2 b4 19. Rac1 bxc3 20. Rxc3 Nb4 21. Bf3 Rab8 22. Rc7 a5 23. Nc4 a4 24. bxa4 Nc2 25. Qe5 Nd4 26. Rxe7 Qxe5 27. Nxe5 Rb2 28. Nxf7 Nxf3+ 29. gxf3 Rdd2 30. Nh6+ Kf8 31. Nxf5 gxf5 32. Rxh7 Kg8 33. Rh5 Rxa2 34. Rxf5 Kg7 35. Rf4 Kg6 36. Kg2 Ra3 37. Kg3 Kg5 38. h4+ Kh6 39. Re1 Raa2 40. Re6+ Kg7 41. Kg4 Rxf2 42. Kh5 Rg2 43. Rf5 Rg3 44. Rg5+ Rxg5+ 45. hxg5 Rxa4 46. Re7+ Kf8 47. Re4 Ra5 48. f4 Kg7 49. Kg4 Kg6 50. f5+ Kf7 51. Rb4 Ra1 52. Rb7+ Kf8 53. Kh5 Ra6 54. f6 Kg8 55. Kg6 Ra8 56. Rg7+ Kh8 57. Rh7+ Kg8 58. f7+ Kf8 59. Rh8+ Ke7 60. Rxa8 1-0


[Site "https://www.chess.com"]

[Event "Titled Tuesday Blitz August 3 2021"]
[White "Mikhailovsky, Vladimir"]
[Black "AshotParvanyan"]
[WhiteFideId "34105414"]
[WhiteElo "2315"]
[BlackElo "2531"]
[Result "1-0"]
[Round "02"]
[TimeControl "180+1"]
[Date "2021.08.03"]
[WhiteClock "0:00:04"]
[BlackClock "0:00:02"]

1. e4 e6 2. Qe2 c5 3. Nf3 Nc6 4. g3 g6 5. Bg2 Bg7 6. O-O Nge7 7. c3 O-O 8. d4 cxd4 9. cxd4 d5 10. e5 Nf5 11. Rd1 Qb6 12. Be3 Nxe3 13. Qxe3 Qxb2 14. Na3 Qb4 15. Rab1 Qa5 16. Nb5 a6 17. Nd6 b5 18. Rdc1 Bd7 19. Rc5 Qxa2 20. Rbc1 Na5 21. Qc3 Nb3 22. Rc7 Nxc1 23. Qxc1 Be8 24. h4 b4 25. Rc2 Qa4 26. h5 b3 27. Rb2 Bb5 28. h6 Bh8 29. Nd2 Qxd4 30. Nf3 Qb4 31. Qb1 Bc4 32. Bf1 Bxf1 33. Rxb3 Qa4 34. Kxf1 Rad8 35. Rb7 Qd7 36. Rxd7 Rxd7 37. Qb6 Rfd8 38. Qxa6 d4 39. Nxd4 Bxe5 40. Nc6 Rxd6 41. Qb5 R8d7 42. Qxe5 Rxc6 43. Qg7# 1-0


[Site "https://www.chess.com"]

[Event "Titled Tuesday Blitz August 3 2021"]
[White "Mirzoev, Azer"]
[Black "Gerzhoy, Leonid"]
[WhiteFideId "13400304"]
[BlackFideId "2806126"]
[WhiteElo "2525"]
[BlackElo "2514"]
[Result "1-0"]
[Round "02"]
[TimeControl "180+1"]
[Date "2021.08.03"]
[WhiteClock "0:00:20"]
[BlackClock "0:00:01"]

1. d4 Nf6 2. Nf3 d6 3. c4 Nbd7 4. Nc3 e5 5. e4 Be7 6. Be2 O-O 7. O-O c6 8. Re1 a6 9. Bf1 b5 10. a3 Bb7 11. dxe5 Nxe5 12. Nxe5 dxe5 13. Qc2 Qc7 14. h3 Bc8 15. Be3 Be6 16. Rac1 Rac8 17. b4 c5 18. bxc5 Bxc5 19. Nd5 Qb7 20. Bxc5 Rxc5 21. Qb2 Bxd5 22. cxd5 Rxc1 23. Rxc1 Nxe4 24. Qxe5 Nf6 25. d6 Re8 26. Rc7 Rxe5 27. Rxb7 Kf8 28. Rb6 Ke8 29. Rxa6 Kd7 30. g3 Rd5 31. Kg2 Rxd6 32. Bxb5+ Ke6 33. Bc4+ Ke7 34. Rxd6 Kxd6 35. Bxf7 Kc5 36. Kf3 Kb6 37. Kf4 Ka5 38. Bb3 Kb5 39. Kf5 Kc5 40. g4 Kd4 41. g5 Ne4 42. f4 g6+ 43. Ke6 Nc5+ 44. Kf7 Nxb3 45. Kg7 Ke4 46. Kxh7 Kf5 47. a4 Na5 48. h4 Nc6 49. Kh6 Na5 50. h5 gxh5 51. Kxh5 Nc6 52. g6 1-0


[Site "https://www.chess.com"]

[Event "Titled Tuesday Blitz August 3 2021"]
[White "Mohammad Nubairshah Shaikh"]
[Black "Krzywda, Andrzej"]
[WhiteFideId "5053196"]
[BlackFideId "1114565"]
[WhiteElo "2382"]
[BlackElo "2100"]
[Result "1-0"]
[Round "02"]
[TimeControl "180+1"]
[Date "2021.08.03"]
[WhiteClock "0:01:06"]
[BlackClock "0:00:18"]

1. Nf3 c5 2. c4 Nc6 3. b3 g6 4. Bb2 Nf6 5. g3 Bg7 6. Bg2 O-O 7. O-O d6 8. d4 cxd4 9. Nxd4 Bd7 10. Qd2 Re8 11. Na3 Nxd4 12. Bxd4 Bc6 13. Rfd1 Bxg2 14. Kxg2 Qc8 15. Rac1 h5 16. c5 dxc5 17. Rxc5 Qe6 18. Qe3 Qxe3 19. Bxe3 Ne4 20. Rc7 Nc3 21. Rdd7 Nxa2 22. Rxb7 a5 23. Nc4 Bf6 24. Kf3 Nc3 25. Bd2 a4 26. Nb6 Rad8 27. bxa4 Kf8 28. a5 Nb5 29. a6 Nd4+ 30. Kg2 Nc6 31. Bh6+ Kg8 32. Rxd8 Rxd8 33. Rc7 Nb8 34. a7 Na6 35. Rc2 Nb4 36. Rc8 Nc6 37. Rxd8+ Nxd8 38. a8=Q 1-0


[Site "https://www.chess.com"]

[Event "Titled Tuesday Blitz August 3 2021"]
[White "Mortazavi, Ali"]
[Black "He, Anthony"]
[WhiteFideId "401323"]
[BlackFideId "2088215"]
[WhiteElo "2339"]
[BlackElo "2353"]
[Result "0-1"]
[Round "02"]
[TimeControl "180+1"]
[Date "2021.08.03"]
[WhiteClock "0:00:32"]
[BlackClock "0:00:50"]

1. Nf3 Nf6 2. g3 g6 3. Bg2 b6 4. O-O Bb7 5. d3 Bg7 6. e4 O-O 7. a4 a6 8. Nc3 d6 9. Re1 c5 10. e5 dxe5 11. Nxe5 Nd5 12. Bd2 e6 13. a5 b5 14. Ng4 h5 15. Ne5 Nd7 16. Nxd7 Qxd7 17. Ne4 Rac8 18. c3 Rfd8 19. Qf3 Ba8 20. Qe2 b4 21. c4 Ne7 22. Bg5 Bxe4 23. Bxe4 Re8 24. Rad1 Nf5 25. Bxf5 exf5 26. Qf3 Bxb2 27. Be3 Bc3 28. Re2 b3 29. Rb1 Qxd3 30. Ree1 Bxe1 31. Rxe1 b2 0-1


[Site "https://www.chess.com"]

[Event "Titled Tuesday Blitz August 3 2021"]
[White "Nazaretyan, Tigran"]
[Black "Hansen, Eric"]
[WhiteFideId "24162345"]
[BlackFideId "2606771"]
[WhiteElo "2214"]
[BlackElo "2568"]
[Result "0-1"]
[Round "02"]
[TimeControl "180+1"]
[Date "2021.08.03"]
[WhiteClock "0:00:02"]
[BlackClock "0:00:06"]

1. d4 Nf6 2. c4 e6 3. Nf3 d5 4. Nc3 c5 5. cxd5 Nxd5 6. e3 Nc6 7. Bd3 Be7 8. O-O O-O 9. Qe2 b6 10. Rd1 Nxc3 11. bxc3 Bb7 12. e4 cxd4 13. cxd4 Nxd4 14. Nxd4 Qxd4 15. Bb2 Qb4 16. Rab1 Qa5 17. Qg4 Qg5 18. Qh3 Rfd8 19. Bc1 Qg6 20. e5 Be4 21. Rb3 Rac8 22. Bf4 Rd4 23. Be2 Bxg2 24. Qxg2 Rxf4 25. Qxg6 hxg6 26. Rd7 Bc5 27. Bf3 g5 28. h3 a5 29. Rbd3 g6 30. Kg2 Re8 31. Rb7 Rf5 32. Rdd7 Rf8 33. Be4 Rxf2+ 34. Kg3 Kg7 35. a4 Rf4 36. Bc6 Rf5 37. Rdc7 Rxe5 38. Be8 Rf5 39. Bb5 Bd6+ 40. Kg2 Bxc7 41. Rxc7 Rd8 42. Rc6 Rc5 43. Rxb6 Rc2+ 44. Kf3 Kf6 45. Ra6 Rdc8 46. Rxa5 R8c3+ 47. Ke4 Rxh3 48. Ra7 Rd2 49. Be8 Rh4+ 50. Ke3 Ra2 51. Rxf7+ Ke5 52. Rf1 Rh3+ 53. Rf3 Ra3+ 54. Ke2 Rhxf3 55. Bb5 Rfe3+ 56. Kd2 Kd4 57. Kc2 Ra2+ 58. Kb1 Rf2 59. Be2 Rexe2 60. Kc1 Re1# 0-1


[Site "https://www.chess.com"]

[Event "Titled Tuesday Blitz August 3 2021"]
[White "Nozdrachev, Leonid"]
[Black "Petrovskyi, Vadym"]
[WhiteFideId "24113433"]
[BlackFideId "14165210"]
[WhiteElo "2221"]
[BlackElo "2305"]
[Result "0-1"]
[Round "02"]
[TimeControl "180+1"]
[Date "2021.08.03"]
[WhiteClock "0:01:31"]
[BlackClock "0:01:48"]

1. e4 c5 2. c3 d5 3. exd5 Qxd5 4. d4 Nf6 5. Nf3 Bg4 6. Be2 e6 7. O-O Nc6 8. h3 Bh5 9. Be3 cxd4 10. cxd4 Be7 11. Nc3 Qd6 12. Qb3 O-O 13. Rfd1 Rfd8 14. Qxb7 Rab8 15. Qa6 Bxf3 16. Bxf3 Nxd4 17. Qxd6 Nxf3+ 18. gxf3 Rxd6 19. Bxa7 Rxb2 20. Rxd6 Bxd6 21. Bd4 Rd2 22. Bxf6 gxf6 23. Ne4 Rd3 24. Nxf6+ Kh8 25. Kg2 Be5 26. Rd1 Rxd1 27. Nd5 Rxd5 0-1


[Site "https://www.chess.com"]

[Event "Titled Tuesday Blitz August 3 2021"]
[White "Ohanyan, Emin"]
[Black "Sarana, Alexey"]
[WhiteFideId "13312022"]
[BlackFideId "24133795"]
[WhiteElo "1648"]
[BlackElo "2646"]
[Result "0-1"]
[Round "02"]
[TimeControl "180+1"]
[Date "2021.08.03"]
[WhiteClock "0:00:02"]
[BlackClock "0:01:36"]

1. e4 c5 2. Nf3 d6 3. d4 cxd4 4. Nxd4 Nf6 5. Nc3 a6 6. h3 b5 7. g4 Bb7 8. Bg2 Nc6 9. O-O Nxd4 10. Qxd4 e5 11. Qd3 Be7 12. f4 O-O 13. Be3 exf4 14. Bxf4 Nd7 15. Nd5 Ne5 16. Qg3 Bxd5 17. exd5 Bh4 18. Qh2 Re8 19. Kh1 Bg5 20. Rae1 Bxf4 21. Qxf4 Rc8 22. c3 Qh4 23. Rxe5 dxe5 24. Qxf7+ Kh8 25. d6 Rcd8 26. d7 Rg8 27. Kh2 Qh6 28. Bd5 Qd6 29. Qe6 Qc7 30. Rf7 e4+ 31. Kg2 Rgf8 32. Rxf8+ Rxf8 33. Bxe4 Qf4 34. Bf5 Qd2+ 35. Kh1 Qc1+ 36. Kg2 Qxb2+ 37. Kh1 Qxc3 38. Qe7 Qf6 39. Qe8 Qc6+ 40. Kg1 Rxe8 0-1


[Site "https://www.chess.com"]

[Event "Titled Tuesday Blitz August 3 2021"]
[White "Onyshchuk, Volodymyr"]
[Black "Trent, Lawrence"]
[WhiteFideId "14114038"]
[BlackFideId "408638"]
[WhiteElo "2603"]
[BlackElo "2474"]
[Result "1-0"]
[Round "02"]
[TimeControl "180+1"]
[Date "2021.08.03"]
[WhiteClock "0:00:57"]
[BlackClock "0:00:26"]

1. Nf3 g6 2. g3 Bg7 3. Bg2 e5 4. O-O Ne7 5. c4 O-O 6. Nc3 c6 7. d4 d6 8. Bg5 h6 9. Bd2 exd4 10. Nb1 c5 11. Ne1 Nbc6 12. Nd3 Kh7 13. b4 b6 14. b5 Bd7 15. bxc6 Nxc6 16. Na3 Rb8 17. Rb1 a6 18. Re1 Qc8 19. Bf4 Ne5 20. Bxe5 dxe5 21. e4 b5 22. Rc1 b4 23. Nb1 a5 24. Nd2 a4 25. f4 exf4 26. gxf4 Rd8 27. e5 Bf5 28. Ne4 Bxe4 29. Bxe4 Qc7 30. Qf3 Kh8 31. Kh1 b3 32. e6 bxa2 33. f5 fxe6 34. f6 Bf8 35. Bxg6 Rb3 36. Qg4 Qb7+ 37. Be4 Qf7 38. Rf1 Bd6 39. Qh4 h5 40. Qg5 Bf8 41. Ne5 1-0


[Site "https://www.chess.com"]

[Event "Titled Tuesday Blitz August 3 2021"]
[White "Pandey Srishti"]
[Black "Krysa, Leandro"]
[WhiteFideId "35093290"]
[BlackFideId "116807"]
[WhiteElo "1816"]
[BlackElo "2490"]
[Result "0-1"]
[Round "02"]
[TimeControl "180+1"]
[Date "2021.08.03"]
[WhiteClock "0:00:13"]
[BlackClock "0:00:27"]

1. c4 c5 2. e3 Nf6 3. d4 g6 4. d5 Bg7 5. Nf3 O-O 6. Nc3 e6 7. Be2 exd5 8. cxd5 d6 9. Kf1 Na6 10. h3 Nc7 11. g3 Rb8 12. a4 b6 13. Kg2 Re8 14. Qb3 a6 15. Rd1 b5 16. axb5 axb5 17. Ra7 b4 18. Nb1 Bf5 19. Nbd2 Ra8 20. Rxa8 Qxa8 21. Nc4 Rd8 22. Nfd2 Ncxd5 23. Bf3 Qc8 24. e4 Bxh3+ 25. Kg1 Nc7 26. Nf1 Nb5 27. Be3 Ng4 28. Nb6 Qe6 29. Qd3 Nd4 30. Bxd4 Bxd4 31. Bxg4 Bxg4 32. Rd2 Re8 33. Kg2 Bh3+ 34. Kg1 Bxf1 35. Kxf1 Qh3+ 36. Kg1 Re5 37. Nd5 Rh5 38. Qf3 Qh2+ 39. Kf1 Qh1+ 40. Qxh1 Rxh1+ 41. Kg2 Rb1 42. Ne7+ Kg7 43. Nc8 Rxb2 44. Rxb2 Bxb2 45. Nxd6 b3 46. Nc4 Bd4 47. Kf3 b2 0-1


[Site "https://www.chess.com"]

[Event "Titled Tuesday Blitz August 3 2021"]
[White "Pavlov, Sergey"]
[Black "Obolentseva, Alexandra"]
[WhiteFideId "14114330"]
[BlackFideId "24153648"]
[WhiteElo "2428"]
[BlackElo "2113"]
[Result "1-0"]
[Round "02"]
[TimeControl "180+1"]
[Date "2021.08.03"]
[WhiteClock "0:00:20"]
[BlackClock "0:00:10"]

1. Nf3 Nf6 2. c4 g6 3. g3 Bg7 4. Bg2 O-O 5. d4 d6 6. O-O c5 7. d5 e6 8. dxe6 Bxe6 9. Ng5 Bc8 10. Nc3 h6 11. Nf3 Nc6 12. Bf4 Re8 13. Bxd6 Be6 14. Bxc5 Bxc4 15. Qa4 Bxe2 16. Nxe2 Rxe2 17. Qb5 Rc2 18. Rad1 Qc7 19. Nd4 Nxd4 20. Bxd4 Rd8 21. Qxb7 Qxb7 22. Bxb7 Ng4 23. Be4 Rc4 24. Bxg7 Rxd1 25. Rxd1 Kxg7 26. Bd3 Rb4 27. b3 Ne5 28. Be2 a5 29. Rd5 Nc6 30. Rc5 Nd4 31. Bc4 a4 32. a3 Rb7 33. bxa4 Ra7 34. a5 Nf3+ 35. Kg2 Nd2 36. Bd5 Nb1 37. a4 Na3 38. Be4 Re7 39. f3 f5 40. Rc3 fxe4 41. Rxa3 exf3+ 42. Kxf3 Ra7 43. a6 Rxa6 44. a5 g5 45. Ke4 Kg6 46. Kd5 h5 47. Kc5 Ra8 48. a6 h4 49. a7 hxg3 50. hxg3 Kf5 51. Kb6 Kg4 52. Kb7 Rh8 53. a8=Q Rxa8 54. Kxa8 1-0


[Site "https://www.chess.com"]

[Event "Titled Tuesday Blitz August 3 2021"]
[White "Peralta, Eduardo"]
[Black "Martinez Alcantara, Jose Eduardo"]
[WhiteFideId "3700062"]
[BlackFideId "3805662"]
[WhiteElo "2205"]
[BlackElo "2690"]
[Result "0-1"]
[Round "02"]
[TimeControl "180+1"]
[Date "2021.08.03"]
[WhiteClock "0:00:01"]
[BlackClock "0:02:33"]

1. d4 Nf6 2. Nf3 e6 3. c3 c5 4. Bg5 b6 5. e3 Bb7 6. Nbd2 Be7 7. Be2 h6 8. Bh4 d6 9. O-O Nbd7 10. Bd3 O-O 11. Qe2 cxd4 12. exd4 a6 13. Bg3 Qc7 14. Ne4 Nxe4 15. Bxe4 Nf6 16. Bxb7 Qxb7 17. Rfe1 b5 18. a3 Rfe8 19. Nd2 a5 20. Ne4 Nxe4 21. Qxe4 Qxe4 22. Rxe4 d5 23. Ree1 b4 24. axb4 axb4 25. f3 Rec8 26. Rxa8 Rxa8 27. cxb4 Ra2 28. Rb1 Bxb4 29. Kf2 Bc3 30. Ke3 Bxb2 31. Be1 Ra3+ 32. Ke2 Bxd4 0-1


[Site "https://www.chess.com"]

[Event "Titled Tuesday Blitz August 3 2021"]
[White "Petriashvili, Nikoloz"]
[Black "Ismagilov, Damir"]
[WhiteFideId "13611216"]
[BlackFideId "34199982"]
[WhiteElo "2430"]
[BlackElo "2075"]
[Result "1/2-1/2"]
[Round "02"]
[TimeControl "180+1"]
[Date "2021.08.03"]
[WhiteClock "0:00:10"]
[BlackClock "0:00:28"]

1. e4 c5 2. Nf3 d6 3. Bb5+ Nd7 4. a4 a6 5. Be2 Ngf6 6. Nc3 e6 7. d4 cxd4 8. Qxd4 Be7 9. O-O Qc7 10. Bg5 h6 11. Bh4 O-O 12. Rfd1 b6 13. Bg3 e5 14. Qc4 Qxc4 15. Bxc4 Bb7 16. Nd2 Rac8 17. f3 Rfd8 18. Bf2 Rc7 19. Be2 Rdc8 20. Nf1 Nc5 21. Ne3 g6 22. Ned5 Nxd5 23. Nxd5 Bxd5 24. Rxd5 a5 25. Bb5 f5 26. exf5 gxf5 27. f4 Ne4 28. c3 Nxf2 29. Kxf2 Rc5 30. Rad1 Rxd5 31. Rxd5 Rc5 32. Rxc5 bxc5 33. Bd7 exf4 34. Bxf5 Kf7 35. Kf3 Bg5 36. Ke4 Kf6 37. Bg4 Ke7 38. Bf3 Ke6 39. Bg4+ Ke7 40. Kf5 Kf7 41. Bh5+ Ke7 42. Bf3 Kf7 43. Bd5+ Ke7 44. Kg6 Kd7 45. Kh5 f3 46. Bxf3 Bc1 47. b3 Ke6 48. c4 Kf6 49. Kg4 Bd2 50. Bd5 Bc1 51. Kh5 Bd2 52. g4 Bc1 53. h4 Bd2 54. Bc6 Bc1 55. Bf3 Bd2 56. Bd1 Bc1 57. Bc2 Bd2 58. g5+ hxg5 59. hxg5+ Bxg5 60. Kg4 Bd2 61. Kf3 Bb4 62. Ke2 Ke7 63. Kd3 Kd8 64. Ke4 Kc7 65. Kd5 Ba3 1/2-1/2


[Site "https://www.chess.com"]

[Event "Titled Tuesday Blitz August 3 2021"]
[White "Piesik, Piotr"]
[Black "Ter-Sahakyan, Samvel"]
[WhiteFideId "1136194"]
[BlackFideId "13302531"]
[WhiteElo "2354"]
[BlackElo "2551"]
[Result "0-1"]
[Round "02"]
[TimeControl "180+1"]
[Date "2021.08.03"]
[WhiteClock "0:01:21"]
[BlackClock "0:01:19"]

1. Nf3 d5 2. g3 Nd7 3. Bg2 e5 4. d3 Ngf6 5. O-O Bd6 6. Nbd2 O-O 7. e4 c6 8. Qe2 Re8 9. b3 a5 10. a4 Nf8 11. Bb2 Ng6 12. Rfe1 h6 13. Nf1 Qc7 14. N3d2 Bg4 15. Bf3 Be6 16. Ne3 Bb4 17. Red1 Rad8 18. Nf5 Bxf5 19. exf5 Nf8 20. Bg2 Bc5 21. h3 N8h7 22. Qf1 e4 23. dxe4 dxe4 24. Nc4 Qxg3 25. Ba3 Ba7 26. Nd6 Ng5 27. Kh1 Bxf2 28. Nxe8 Rxe8 29. Bd6 Qh4 30. Bh2 e3 31. Qe2 Nxh3 32. Rd3 Nf4 33. Qf3 Nxd3 34. cxd3 e2 0-1


[Site "https://www.chess.com"]

[Event "Titled Tuesday Blitz August 3 2021"]
[White "Pinheiro, Iung Alicio de O."]
[Black "Murzin, Volodar"]
[WhiteFideId "2104350"]
[BlackFideId "44155573"]
[WhiteElo "2532"]
[BlackElo "2541"]
[Result "0-1"]
[Round "02"]
[TimeControl "180+1"]
[Date "2021.08.03"]
[WhiteClock "0:00:20"]
[BlackClock "0:00:10"]

1. d4 Nf6 2. c4 g6 3. g3 Bg7 4. Bg2 O-O 5. Nc3 d6 6. e4 Nbd7 7. Nge2 e5 8. d5 a5 9. O-O Nc5 10. h3 Re8 11. Bg5 h6 12. Be3 Bd7 13. Qd2 h5 14. b3 b6 15. Rab1 Nh7 16. a3 a4 17. Bxc5 bxc5 18. b4 cxb4 19. Rxb4 f5 20. exf5 gxf5 21. Kh2 h4 22. c5 e4 23. c6 Bc8 24. Nf4 Be5 25. Nd1 Qg5 26. Rb2 Nf6 27. Re1 Kh8 28. Ne6 hxg3+ 29. Kh1 Qxd2 30. Rxd2 Bxe6 31. dxe6 Rxe6 32. fxg3 Bxg3 33. Rf1 f4 34. Nc3 f3 35. Bxf3 exf3 36. Rxf3 Be5 37. Re2 Re7 38. Ne4 Nxe4 39. Rxe4 Ra6 40. Rg4 Rxc6 41. Rf5 Rc1+ 42. Kg2 Rg7 43. Rh5+ Kg8 44. Rhg5 Rxg5 45. Rxg5+ Kf7 46. Rg4 Rc2+ 47. Kf1 Rc3 48. Rxa4 Rxh3 49. Ra7 d5 50. a4 Ke6 51. a5 Ra3 52. Ra8 Bd4 53. a6 Kd6 54. Ke2 c6 55. Kd2 Bb6 56. Kc2 Kc5 57. Kb2 Ra5 58. Kb3 Kb5 59. a7 Rxa7 60. Rh8 Bc5 61. Rb8+ Bb6 62. Rg8 Re7 63. Rg3 Re3+ 64. Rxe3 Bxe3 0-1


[Site "https://www.chess.com"]

[Event "Titled Tuesday Blitz August 3 2021"]
[White "Ponikarovsky, Alexey"]
[Black "Baskin, Robert"]
[WhiteFideId "4122887"]
[BlackFideId "24662402"]
[WhiteElo "1944"]
[BlackElo "2462"]
[Result "1-0"]
[Round "02"]
[TimeControl "180+1"]
[Date "2021.08.03"]
[WhiteClock "0:02:26"]
[BlackClock "0:01:03"]

1. e4 c5 2. d4 cxd4 3. Nf3 d6 4. Bc4 Nf6 5. Qe2 Nc6 6. h3 g6 7. O-O Bg7 8. Rd1 O-O 9. c3 dxc3 10. Nxc3 Bd7 11. Bf4 Qa5 12. Nb5 a6 13. Bd2 Qd8 14. Nc3 Rc8 15. Bf4 Qa5 16. Bd2 Qh5 17. Qe3 Na5 18. Be2 Nc4 19. Bxc4 Rxc4 20. e5 dxe5 21. Nxe5 Rc7 22. Rac1 Be6 23. Nd3 Rd8 24. Nf4 Qf5 25. Qb6 Rcd7 26. Be3 Nd5 27. Nfxd5 Bxd5 28. Nxd5 Rxd5 29. Qxd8+ 1-0


[Site "https://www.chess.com"]

[Event "Titled Tuesday Blitz August 3 2021"]
[White "Poormosavi, Seyed Kian"]
[Black "Tsaruk, Maksim"]
[WhiteFideId "12585807"]
[BlackFideId "13511173"]
[WhiteElo "2134"]
[BlackElo "2184"]
[Result "0-1"]
[Round "02"]
[TimeControl "180+1"]
[Date "2021.08.03"]
[WhiteClock "0:02:08"]
[BlackClock "0:02:03"]

1. e4 c5 2. Nf3 d6 3. a3 Nf6 4. Bd3 g6 5. O-O Bg7 6. Nc3 O-O 7. b4 c4 8. Bxc4 Nxe4 9. Nxe4 Bxa1 10. Nc3 Nc6 11. Qe2 Bg4 12. Qe4 Bxf3 13. Qxf3 Ne5 14. Qe4 Nxc4 15. Qxc4 Rc8 16. Qd3 Qc7 17. Nd5 Qxc2 18. Nxe7+ Kg7 0-1


[Site "https://www.chess.com"]

[Event "Titled Tuesday Blitz August 3 2021"]
[White "Pridorozhni, Aleksei"]
[Black "Hjartarson, Johann"]
[WhiteFideId "4127870"]
[BlackFideId "2300044"]
[WhiteElo "2565"]
[BlackElo "2502"]
[Result "0-1"]
[Round "02"]
[TimeControl "180+1"]
[Date "2021.08.03"]
[WhiteClock "0:01:28"]
[BlackClock "0:00:10"]

1. e4 g6 2. d4 Bg7 3. c4 d6 4. Nc3 Nf6 5. f3 O-O 6. Be3 e5 7. Nge2 c6 8. d5 cxd5 9. cxd5 Nbd7 10. g4 h5 11. h3 a6 12. Qd2 b5 13. Bg5 Qe8 14. Ng3 Nh7 15. Bh6 h4 16. Nge2 Qe7 17. Be3 Bf6 18. a4 b4 19. Nd1 a5 20. Nc1 Bg5 21. Nb3 Ba6 22. Bxa6 Rxa6 23. Rc1 Bxe3 24. Qxe3 Qg5 25. Ke2 Rfa8 26. Nf2 Nb6 27. Rc2 Nxa4 28. Ra1 Nb6 29. Rc6 a4 30. Nd2 a3 31. bxa3 Qxe3+ 32. Kxe3 Rxa3+ 33. Rxa3 Rxa3+ 34. Ke2 Na4 35. Nc4 Ra2+ 36. Ke3 b3 37. Rxd6 Rc2 38. Na3 Rc3+ 39. Kd2 b2 40. Nb1 Rc1 41. Na3 Ra1 42. Rd8+ Kg7 43. Nd3 Rxa3 44. Nxb2 Nxb2 45. d6 Ng5 46. d7 Ne6 47. Re8 Nc4+ 48. Ke2 Nf4+ 49. Kf2 Ra2+ 50. Kg1 Nxh3+ 51. Kf1 Ra1+ 52. Ke2 Nf4+ 53. Kf2 Ra2+ 54. Kg1 Ne6 55. Rxe6 Rd2 56. Re7 Ne3 57. Re8 Rxd7 58. g5 Rd2 59. Ra8 h3 60. Ra1 h2+ 61. Kh1 Rf2 62. f4 Nf1 63. Rxf1 Rxf1+ 64. Kxh2 Rxf4 65. Kg3 Rxe4 66. Kf3 Rf4+ 67. Ke3 f6 68. Kd3 fxg5 69. Ke2 g4 70. Ke3 g3 71. Kd3 g2 72. Ke3 g1=Q+ 73. Ke2 Qg2+ 74. Kd3 Qg3+ 0-1


[Site "https://www.chess.com"]

[Event "Titled Tuesday Blitz August 3 2021"]
[White "Prydun, Andriy"]
[Black "Shkapenko, Pavel"]
[WhiteFideId "14145898"]
[BlackFideId "4151933"]
[WhiteElo "2024"]
[BlackElo "2386"]
[Result "1/2-1/2"]
[Round "02"]
[TimeControl "180+1"]
[Date "2021.08.03"]
[WhiteClock "0:01:09"]
[BlackClock "0:00:22"]

1. d4 Nf6 2. Nc3 d5 3. Bf4 c5 4. dxc5 Nc6 5. Nf3 d4 6. Na4 Ne4 7. c3 dxc3 8. Qxd8+ Nxd8 9. Nxc3 Nxc3 10. bxc3 f6 11. Nd2 e5 12. Be3 Ne6 13. Nb3 Bd7 14. g3 Rc8 15. Bg2 Bc6 16. f3 Bd7 17. f4 exf4 18. gxf4 Bc6 19. Rg1 Bxg2 20. Rxg2 g6 21. f5 gxf5 22. Rf2 f4 23. Bd4 Kf7 24. Kd2 Nxc5 25. Nxc5 Bxc5 26. Rxf4 Bxd4 27. cxd4 Rc6 28. Rc1 Rhc8 29. Rxc6 Rxc6 30. Rh4 Kg6 31. Rg4+ Kf7 32. Rh4 Kg6 33. Rg4+ Kf7 34. Rh4 1/2-1/2


[Site "https://www.chess.com"]

[Event "Titled Tuesday Blitz August 3 2021"]
[White "Reprintsev, Alexander"]
[Black "Quispe Arteaga, Gabriel"]
[WhiteFideId "14100541"]
[BlackFideId "32059809"]
[WhiteElo "2126"]
[BlackElo "2172"]
[Result "0-1"]
[Round "02"]
[TimeControl "180+1"]
[Date "2021.08.03"]
[WhiteClock "0:00:18"]
[BlackClock "0:00:13"]

1. e4 c5 2. b3 e6 3. Qe2 Nc6 4. Bb2 a6 5. g3 b5 6. Bg2 Bb7 7. a4 Qb6 8. axb5 axb5 9. Rxa8+ Bxa8 10. Nc3 Nd4 11. Qd1 Nf6 12. Nge2 h5 13. O-O h4 14. Qa1 Bb7 15. Nxd4 cxd4 16. Ne2 e5 17. c3 hxg3 18. hxg3 d3 19. Nc1 Ng4 20. Nxd3 Qh6 21. Rd1 f5 22. Qa7 Bxe4 23. Bxe4 fxe4 24. Qa8+ Kf7 25. Qxe4 Qh2+ 26. Kf1 Qh1+ 27. Qxh1 Rxh1+ 28. Ke2 Rxd1 29. Kxd1 e4 30. Nf4 Nxf2+ 31. Ke2 Ng4 32. Nd5 Bd6 33. Nb6 Ke6 34. c4 bxc4 35. bxc4 g6 36. d3 exd3+ 37. Kxd3 Bxg3 38. Nd5 Ne5+ 39. Ke4 Nxc4 40. Bc1 Nd6+ 41. Kd4 Bf2+ 42. Ne3 Nf5+ 43. Ke4 Bxe3 44. Bxe3 Nxe3 0-1


[Site "https://www.chess.com"]

[Event "Titled Tuesday Blitz August 3 2021"]
[White "Riehle, Marco"]
[Black "Le, Tuan Minh"]
[WhiteFideId "12904392"]
[BlackFideId "12401153"]
[WhiteElo "2505"]
[BlackElo "2450"]
[Result "0-1"]
[Round "02"]
[TimeControl "180+1"]
[Date "2021.08.03"]
[WhiteClock "0:01:28"]
[BlackClock "0:01:40"]

1. e4 c5 2. a3 g6 3. h4 h5 4. Nc3 Bg7 5. Bc4 Nc6 6. d3 Nf6 7. Bg5 d6 8. Qd2 Rb8 9. Nge2 O-O 10. O-O-O b5 11. Ba2 b4 12. axb4 Nxb4 13. Bb3 Qa5 14. Kb1 Be6 15. f3 Rb6 16. d4 c4 17. Ba4 Rfb8 18. d5 Bd7 19. Bxd7 Nxd7 20. Nd4 Ra6 21. Kc1 Qa1+ 22. Nb1 Na2# 0-1


[Site "https://www.chess.com"]

[Event "Titled Tuesday Blitz August 3 2021"]
[White "Rottenwohrer Suarez, Juan"]
[Black "Shimelkov, Vasiliy"]
[WhiteFideId "32068182"]
[BlackFideId "13701630"]
[WhiteElo "2158"]
[BlackElo "2073"]
[Result "0-1"]
[Round "02"]
[TimeControl "180+1"]
[Date "2021.08.03"]
[WhiteClock "0:00:02"]
[BlackClock "0:00:14"]

1. d4 d5 2. c4 e6 3. Nc3 Be7 4. cxd5 exd5 5. Bf4 Nf6 6. h3 O-O 7. e3 c5 8. Bd3 b6 9. Nf3 Na6 10. O-O Nc7 11. Rc1 Ne6 12. Bh2 Bb7 13. Ne5 h6 14. Bf5 Ng5 15. Qb3 c4 16. Qd1 a6 17. b3 b5 18. bxc4 dxc4 19. h4 Nge4 20. Nxe4 Nxe4 21. h5 Nf6 22. Ng4 Qd5 23. Nxf6+ Bxf6 24. Qg4 b4 25. Bf4 c3 26. Bxh6 Qxg2+ 27. Qxg2 Bxg2 28. Kxg2 gxh6 29. Kf3 a5 30. d5 a4 31. Rb1 Rab8 32. Bc2 Rfd8 33. e4 a3 34. Ke3 Rdc8 35. f4 Be7 36. e5 Kf8 37. Bb3 Bc5+ 38. Ke4 Rd8 39. d6 Ba7 40. Kf5 Rbc8 41. Rbc1 Be3 42. Rc2 Bd2 43. Ke4 Rc5 44. Rf2 Ra5 45. Rfxd2 cxd2 46. Rxd2 Rc5 47. f5 Rc3 0-1


[Site "https://www.chess.com"]